 Dungeon Crawl Stone Soup version 0.27.1-33-g824d729ab1 (webtiles) character file.

Game seed: 18149102586684702572

91 coolguy420 the Conjurer (level 4, -2/24 HPs)
             Began as a Deep Elf Conjurer on Dec 8, 2021.
             Was a Believer of Lugonu.
             Slain by a gnoll (5 damage)
             ... on level 2 of the Dungeon.
             The game lasted 00:09:08 (2662 turns).

coolguy420 the Conjurer (Deep Elf Conjurer)         Turns: 2662, Time: 00:09:09

Health: -2/24      AC:  2    Str:  4    XL:     4   Next: 33%
Magic:  2/12       EV: 12    Int: 24    God:    Lugonu [**....]
Gold:   144        SH:  0    Dex: 13    Spells: 8/11 levels left

rFire    . . .     SeeInvis .   (no weapon)
rCold    . . .     Faith    .   (no shield)
rNeg     . . .     Spirit   .   a - +0 robe
rPois    .         Reflect  .   (no helmet)
rElec    .         Harm     .   (no cloak)
rCorr    .         Rampage  .   (no gloves)
Will     .....                  (no boots)
Stlth    ++........             (no amulet)
HPRegen  0.08/turn              (no ring)
MPRegen  0.13/turn              (no ring)

@: no status effects
A: no striking features
a: Renounce Religion, Depart the Abyss, Bend Space


You were on level 2 of the Dungeon.
You worshipped Lugonu.
Lugonu was pleased with you.
You visited 1 branch of the dungeon, and saw 2 of its levels.

You collected 144 gold pieces.

Inventory:

Armour
 a - a +0 robe (worn)
Scrolls
 b - 3 scrolls of identify {unknown}
 c - a scroll of immolation {unknown}
 d - a scroll of torment {unknown}
Potions
 e - 2 potions of cancellation {unknown}


   Skills:
 + Level 2.5 Dodging
 + Level 2.9 Stealth
 + Level 4.2 Spellcasting
 + Level 5.6 Conjurations


You had 8 spell levels left.
You knew the following spells:

 Your Spells              Type           Power      Damage    Failure   Level
a - Magic Dart            Conj           100%       1d8       1%          1
b - Searing Ray           Conj           64%        3d5       1%          2

Your spell library contained the following spells:

 Spells                   Type           Power      Damage    Failure   Level
 Dazzling Flash           Conj/Hex       36%        N/A       9%          3
 Fulminant Prism          Conj/Hex       9%         3d7       30%         4
 Iskenderun's Mystic Bla  Conj/Tloc      18%        2d6       30%         4


Dungeon Overview and Level Annotations

Branches:
Dungeon (2/15)

Altars:
Beogh
Lugonu

Shops:
D:1 *


Message History

You kill the frilled lizard!
Lugonu accepts your kill. (Press . to maintain the ray.)
The gnoll shouts! x3
Restarting spell: Searing Ray (safe; 1% risk of failure)
Press: ? - help, Q - select action, (/) - cycle Shift-Dir - straight line, f - gnoll
Aim: a gnoll, wielding a +0 flail (82% to hit)
The searing ray hits the gnoll!
The gnoll is severely wounded.
The searing ray hits the gnoll!
The gnoll is heavily wounded. (Press . to maintain the ray.)
The searing ray hits the gnoll!
You kill the gnoll!
Lugonu accepts your kill.
The searing ray hits the gnoll.
You kill the gnoll!
Lugonu accepts your kill.
Restarting spell: Searing Ray (safe; 1% risk of failure)
Press: ? - help, Q - select action, (/) - cycle Shift-Dir - straight line, f - gnoll
Aim: a gnoll, wielding a +0 spear (83% to hit)
The searing ray misses the gnoll. (Press . to maintain the ray.)
The gnoll hits you from afar with a +0 spear.
The searing ray hits the gnoll!
The gnoll is severely wounded.
The gnoll barely misses you.
Restarting spell: Searing Ray (safe; 1% risk of failure)
Press: ? - help, Q - select action, (/) - cycle Shift-Dir - straight line, f - gnoll, p - gnoll
Aim: a gnoll, wielding a +0 halberd (83% to hit)
The searing ray hits the gnoll!
The gnoll is severely wounded. (Press . to maintain the ray.)
The gnoll hits you from afar with a +0 halberd!
Ouch! That really hurt!
The gnoll hits you from afar with a +0 spear!
* * * LOW HITPOINT WARNING * * *
The searing ray misses the gnoll.
The gnoll hits you from afar with a +0 halberd.
You die...

.......###........#.#............
.......# #...#.#.##.....######...
......## #####.#.###.......# #...
......# #.#.# #.......# #...
......# #.#.# #.......# #...
......# #.#.# #..[....# ##..
......# #####...###.......# ##.
......# #.........#.>.....# #..
......# #......@.>#.......# #.#
......# #.....)...# #.. #######
#...†.gg..# #.# #...).....# #.#
#......!..# ### #.........#
#.........# #.........#


You could see 2 gnolls.

Vanquished Creatures
  2 gnolls (D:2)
  2 adders (D:2)
  A worm (D:2)
  3 dart slugs (D:1)
  3 bats (D:1)
  4 endoplasms
  4 giant cockroaches
  5 goblins
  5 hobgoblins
  3 jackals (D:2)
  A quokka (D:2)
  2 ball pythons
  3 frilled lizards
  3 rats
41 creatures vanquished.

Notes
Turn   | Place    | Note
-------+----------+-------------------------------------------
     0 | D:1      | coolguy420 the Deep Elf Conjurer began the quest for the
                  | Orb.
     0 | D:1      | Reached XP level 1. HP: 10/10 MP: 6/6
   495 | D:1      | Reached XP level 2. HP: 15/15 MP: 2/8
   724 | D:1      | Reached skill level 5 in Conjurations
   888 | D:1      | Found Saqe's General Store.
  1263 | D:1      | Reached XP level 3. HP: 14/19 MP: 4/9
  1451 | D:1      | Found a faded altar of an unknown god.
  1454 | D:1      | Became a worshipper of Lugonu the Unformed
  1454 | D:1      | Reached * piety under Lugonu
  1454 | D:1      | Reached ** piety under Lugonu
  2243 | D:1      | Learned a level 2 spell: Searing Ray
  2444 | D:2      | Reached XP level 4. HP: 24/24 MP: 9/12
  2662 | D:2      | Slain by a gnoll

Illustrated notes

Levels and vault maps discovered:
D:1:      dpeg_arrival_stone_temple_mockup, layout_basic, serial_shops, shop,
          hellmonk_ecumenical_altar_defaced_shrine, serial_rivers,
          chequers_serial_rivers_micro_d, chequers_serial_rivers_large_b,
          chequers_serial_rivers_room_a, chequers_serial_rivers_room_a,
          chequers_serial_rivers_micro_a
D:2:      layout_rooms

Skill      XL: |  1  2  3 |
---------------+----------+-----
Conjurations   | 5 |  5.6
Spellcasting   | 4 |  4.2
Dodging        | |  2.5
Stealth        | |  2.9

Action                   |  1- 3 |  4- 6 || total
-------------------------+-------+-------++-------
 Cast: Magic Dart        |    77 |       ||    77
       Searing Ray       |     3 |     6 ||     9
Armor: Robe              |     3 |       ||     3
Dodge: Dodged            |     6 |     1 ||     7
